 Dungeon Crawl Stone Soup version 0.23.2-40-g277498a001 (webtiles) character file.

Game seed: 4479724349109874571

11155 Amplified the Basher (level 11, -2/97 HPs)
             Began as a Minotaur Gladiator on Oct 14, 2019.
             Was an Elder of the Shining One.
             Slain by a sixfirhy (4 damage)
             ... summoned by an orc sorcerer
             ... while paralysed by an orc sorcerer
             ... on level 1 of the Orcish Mines.
             The game lasted 00:15:20 (10824 turns).

Amplified the Basher (Minotaur Gladiator)          Turns: 10824, Time: 00:15:21

Health: -2/97      AC: 11    Str: 21    XL:     11   Next: 45%
Magic:  15/15      EV:  2    Int:  6    God:    the Shining One [****..]
Gold:   446        SH:  0    Dex: 12    Spells: 10/10 levels left

rFire    . . .     SeeInvis .   y - +4 flail (venom)
rCold    + + .     Gourm    +   o - +0 large shield
rNeg     + + .     Faith    .   t - +2 leather armour {rC+}
rPois    .         Spirit   .   c - +2 hat
rElec    .         Reflect  .   (no cloak)
rCorr    .         Harm     .   b - +2 pair of gloves
MR       +....                  (no boots)
Stlth    +.........             r - amulet of the gourmand
HPRegen  0.26/turn              a - ring of protection from cold
MPRegen  0.14/turn              h - ring of protection from magic

@: paralysed, glowing
A: retaliatory headbutt, horns 2
a: Divine Shield, Cleansing Flame, Renounce Religion


You were on level 1 of the Orcish Mines.
You worshipped the Shining One.
The Shining One was greatly pleased with you.
You were very full.

You visited 3 branches of the dungeon, and saw 13 of its levels.
You also visited: Sewer.

You collected 446 gold pieces.

Inventory:

Hand Weapons
 w - the +6 quarterstaff of the Pyrrhic Victory {crush, +Inv MR+ Dex+6}
   (You found it on level 6 of the Dungeon)

   It inflicts extra damage upon your enemies.
   It affects your dexterity (+6).
   It affects your resistance to hostile enchantments.
   It lets you turn invisible.
 y - a +4 flail of venom (weapon)
Missiles
 m - 5 javelins (quivered)
Armour
 b - a +2 pair of gloves (worn)
 c - a +2 hat (worn)
 g - a +0 shield
 o - a +0 large shield (worn)
 t - a +2 leather armour of cold resistance (worn)
Jewellery
 a - a ring of protection from cold (left hand)
 h - a ring of protection from magic (right hand)
 r - an amulet of the gourmand (around neck)
 v - an uncursed ring of fire
 x - a +5 ring of dexterity
Wands
 d - a wand of digging (11)
 l - a wand of disintegration (11)
Scrolls
 i - 3 scrolls of teleportation
 n - a scroll of amnesia
 q - 5 scrolls of identify
Potions
 e - a potion of cancellation
 j - 7 potions of flight
 k - 6 potions of brilliance
 p - 3 potions of curing
Miscellaneous
 s - a lamp of fire (inert)
Comestibles
 f - 21 rations


   Skills:
 * Level 9.3 Fighting
 * Level 9.8 Maces & Flails
 - Level 2.0 Throwing
 * Level 9.2 Armour
 * Level 9.0 Dodging
 * Level 9.0 Shields
 * Level 6.8 Invocations


You had 10 spell levels left.
You didn't know any spells.
Your spell library contained the following spells:

 Spells                   Type           Power        Failure   Level  Hunger
 Animate Skeleton         Necr           N/A          99%         1    ##.....
 Apportation              Tloc           #.....       99%         1    ##.....
 Confusing Touch          Hex            #.....       99%         1    ##.....
 Summon Small Mammal      Summ           #...         99%         1    ##.....
 Call Imp                 Summ           #.......     100%        2    ###....
 Call Canine Familiar     Summ           #.......     100%        3    ####...
 Confuse                  Hex            #.......     100%        3    ####...
 Gell's Gravitas          Tloc           #.........   100%        3    ####...
 Summon Guardian Golem    Hex/Summ       #.......     100%        3    ####...
 Petrify                  Tmut/Erth      #.......     100%        4    #####..
 Summon Ice Beast         Ice/Summ       #.......     100%        4    #####..
 Summon Lightning Spire   Summ/Air       #.......     100%        4    #####..
 Metabolic Englaciation   Hex/Ice        #.........   100%        5    ######.
 Yara's Violent Unravell  Hex/Tmut       #.........   100%        5    ######.


Dungeon Overview and Level Annotations

Branches:
Dungeon (11/15)            Temple (0/1) D:6            Lair (1/6) D:8
    Orc (1/2) D:10

Altars:
Ashenzari
Dithmenos
Gozag
Makhleb
Nemelex Xobeh
Okawaru
Trog
Uskayaw
Wu Jian
The Shining One

Shops:
D:8 :

Annotations:
D:5 2 transporters, makkenr95's ghost, amateur MiFi
D:11 Sonja


Innate Abilities, Weirdness & Mutations

You reflexively headbutt those who attack you in melee.
You have a pair of horns on your head.


Message History

The orc sorcerer points at you and mumbles some strange words.
You suddenly lose the ability to move!
The soul eater hits you but does no damage.
The ogre hits you with a +0 giant club!!
The orc sorcerer casts a spell.
The sixfirhy hits you but does no damage.
The sixfirhy hits you! The sixfirhy shocks you!
The sixfirhy hits you but does no damage.
The soul eater draws from the surrounding life force!
The ogre hits you with a +0 giant club!
* * * LOW HITPOINT WARNING * * *
The sixfirhy hits you.
* * * LOW HITPOINT WARNING * * *
The sixfirhy shocks you!
* * * LOW HITPOINT WARNING * * *
The orc sorcerer hits you but does no damage.
The orc warrior hits you from afar with a +0 trident.
* * * LOW HITPOINT WARNING * * *
The sixfirhy hits you.
You die...

......##.......
...........#....
#...............
.#..............
................
.....>.oo#....#
........)O#..#
.......3@...##
.......)o3o..#
.........[......
................
.....(......(...
................
........o.$...#.
.......#........
.........$...##.


You could see a soul eater, a sixfirhy, 2 orc sorcerers, 2 orc warriors, an ogre
and an orc.

Vanquished Creatures
  A two-headed ogre (D:8)
  An unseen horror (D:10)
  An orc knight (D:10)
  Maurice (D:8)
  A gargoyle (D:10)
  2 kobold demonologists (D:8)
  5 trolls
  3 hippogriffs
  A spriggan (D:7)
  A wyvern (D:9)
  Grum (D:8)
  A yak (D:9)
  2 wargs (D:10)
  A black bear (D:8)
  A sky beast (shapeshifter) (D:9)
  6 orc warriors
  4 ice beasts
  A sky beast (D:4)
  A boggart (D:9)
  7 phantoms
  6 wolves (D:8)
  6 ogres
  3 centaurs
  2 crocodiles
  Blork the orc (D:6)
  7 bullfrogs
  3 big kobolds
  A killer bee (D:9)
  3 wights (D:11)
  A howler monkey (D:6)
  2 electric eels (D:8)
  3 crimson imps (D:5)
  7 hounds
  3 jellies
  4 bullfrog skeletons
  8 orc wizards
  6 orc priests
  Jessica (D:3)
  3 iguanas
  Natasha (twice) (D:2)
  8 worker ants
  4 hound skeletons
  A worker ant zombie (D:9)
  3 gnolls (D:5)
  2 howler monkey skeletons
  18 adders
  6 river rats
  5 shadow imps
  An ooze (D:2)
  2 adder skeletons
  5 worms
  A dart slug (D:1)
  9 leopard geckos
  42 orcs
  8 bats
  6 giant cockroaches
  4 goblins
  2 hobgoblins (D:1)
  7 quokkas
  5 ball pythons
  9 frilled lizards
  29 kobolds
  A leopard gecko zombie (D:4)
  3 quokka skeletons
  29 rats
324 creatures vanquished.

Vanquished Creatures (others)
  An adder (D:11)
  2 orcs
3 creatures vanquished.

Grand Total: 327 creatures vanquished

Notes
Turn   | Place    | Note
-------+----------+-------------------------------------------
     0 | D:1      | Amplified the Minotaur Gladiator began the quest for the
                  | Orb.
     0 | D:1      | Reached XP level 1. HP: 18/18 MP: 0/0
   181 | D:1      | Reached XP level 2. HP: 25/25 MP: 1/1
   343 | D:1      | Reached skill level 1 in Armour
   352 | D:1      | Reached skill level 1 in Shields
   529 | D:2      | Noticed Natasha
   532 | D:2      | Noticed a crimson imp
   535 | D:2      | Killed Natasha
   535 | D:2      | Reached XP level 3. HP: 26/31 MP: 2/2
   688 | D:2      | Reached XP level 4. HP: 38/38 MP: 3/3
   963 | D:2      | Noticed Natasha
   983 | D:2      | Killed Natasha
  1513 | D:3      | Found a glowing drain.
  1531 | D:3      | Reached XP level 5. HP: 34/45 MP: 4/4
  1564 | Sewer    | Entered a sewer
  1823 | Sewer    | Reached XP level 6. HP: 51/52 MP: 5/5
  1897 | Sewer    | Reached skill level 5 in Maces & Flails
  2257 | D:3      | Noticed Jessica
  2263 | D:3      | Killed Jessica
  2367 | D:3      | Found a glowing golden altar of the Shining One.
  2445 | D:3      | Became a worshipper of the Shining One
  2852 | D:4      | Noticed a sky beast
  2862 | D:4      | Killed a sky beast
  2862 | D:4      | Reached skill level 1 in Invocations
  2862 | D:4      | Reached XP level 7. HP: 43/60 MP: 6/6
  3034 | D:4      | Reached skill level 5 in Dodging
  3077 | D:4      | Found a bloodstained altar of Trog.
  3294 | D:5      | Entered Level 5 of the Dungeon
  3328 | D:5      | Reached skill level 5 in Fighting
  3406 | D:5      | Found a hide-covered altar of Uskayaw.
  3406 | D:5      | Found an ornate altar of the Wu Jian Council.
  3406 | D:5      | Found an iron altar of Okawaru.
  3414 | D:5      | Found a shattered altar of Ashenzari.
  3474 | D:5      | Noticed makkenr95's ghost (amateur MiFi)
  3475 | D:5      | Found a transporter.
  3479 | D:5      | Identified the +7 dire flail of Canytois {antimagic, rElec}
  3489 | D:5      | Found a transporter.
  3689 | D:5      | Reached * piety under the Shining One
  3699 | D:5      | Reached XP level 8. HP: 65/68 MP: 8/8
  3703 | D:5      | Found an iron altar of Okawaru.
  4219 | D:6      | Noticed Blork the orc
  4227 | D:6      | Killed Blork the orc
  4227 | D:6      | Reached skill level 5 in Armour
  4394 | D:6      | Reached skill level 5 in Shields
  4480 | D:6      | Got a fine quarterstaff
  4481 | D:6      | Identified the +6 quarterstaff of the Pyrrhic Victory
                  | {crush, +Inv MR+ Dex+6} (You found it on level 6 of the
                  | Dungeon)
  4602 | D:6      | Found a staircase to the Ecumenical Temple.
  5739 | D:7      | Reached XP level 9. HP: 75/75 MP: 10/10
  5773 | D:8      | Found a burning altar of Makhleb.
  5810 | D:8      | Reached ** piety under the Shining One
  5824 | D:8      | Noticed Maurice
  5869 | D:8      | Killed Maurice
  6005 | D:8      | Noticed a kobold demonologist
  6011 | D:8      | Noticed a kobold demonologist
  6013 | D:8      | Noticed a soul eater
  6024 | D:8      | Noticed a soul eater
  6078 | D:7      | Found an opulent altar of Gozag.
  6293 | D:8      | Found Gewnoz's Book Emporium.
  6337 | D:8      | Killed a kobold demonologist
  6348 | D:8      | Noticed a hellwing
  6353 | D:8      | Killed a kobold demonologist
  6353 | D:8      | Reached skill level 5 in Invocations
  6353 | D:8      | Reached XP level 10. HP: 73/86 MP: 12/12
  6418 | D:8      | Found a staircase to the Lair.
  6573 | D:8      | Found a shadowy altar of Dithmenos.
  6582 | D:8      | Noticed Grum
  6585 | D:8      | Killed Grum
  6621 | D:8      | Noticed a two-headed ogre
  6631 | D:8      | Killed a two-headed ogre
  7107 | D:9      | Reached *** piety under the Shining One
  7872 | D:9      | Found a shadowy altar of Dithmenos.
  8159 | D:10     | Entered Level 10 of the Dungeon
  8258 | D:10     | Found a staircase to the Orcish Mines.
  8263 | D:10     | Found a sparkling altar of Nemelex Xobeh.
  8272 | D:10     | Reached XP level 11. HP: 93/95 MP: 14/14
  8812 | D:10     | Noticed an unseen horror
  8820 | D:10     | Killed an unseen horror
  8977 | D:11     | Reached **** piety under the Shining One
  8984 | D:11     | Noticed Sonja
  9351 | Lair:1   | Entered Level 1 of the Lair of Beasts
  9639 | Lair:1   | Noticed a four-headed hydra
  9640 | Lair:1   | Noticed a four-headed hydra
  9965 | Orc:1    | Entered Level 1 of the Orcish Mines
  9965 | Orc:1    | Noticed an orc knight
  9968 | Orc:1    | Noticed an orc knight
 10752 | D:10     | Killed an orc knight
 10783 | Orc:1    | Noticed an orc sorcerer
 10785 | Orc:1    | Noticed an orc sorcerer
 10802 | Orc:1    | Noticed a soul eater
 10809 | Orc:1    | Noticed a sixfirhy
 10821 | Orc:1    | Paralysed by an orc sorcerer for 7 turns
 10823 | Orc:1    | HP: 2/97 [orc warrior/+0 trident[an orc knight] (5)]
 10824 | Orc:1    | Slain by a sixfirhy

Skill      XL: |  1  2  3  4  5  6  7  8  9 10 11 |
---------------+----------------------------------+-----
Armour         | 1 2 3 4 5 7 8 9 |  9.2
Shields        | 1 2 3 4 5 7 8 9 |  9.0
Fighting       | 3 4 5 6 7 8 9 |  9.3
Maces & Flails | 4 5 6 7 8 9 |  9.8
Dodging        | 4 5 6 7 8 9 |  9.0
Invocations    | 1 2 3 5 6 |  6.8
Throwing       | |  2.0

Action                   |  1- 3 |  4- 6 |  7- 9 | 10-12 || total
-------------------------+-------+-------+-------+-------++-------
Melee: Flail             |    49 |   219 |   337 |   300 ||   905
       Headbutt          |    13 |    37 |    66 |    53 ||   169
       Whip              |       |       |    20 |       ||    20
Throw: Throwing net      |     1 |       |     4 |       ||     5
       Javelin           |       |       |     3 |     5 ||     8
Invok: Divine Shield     |       |       |     1 |     7 ||     8
Evoke: Wand              |       |       |       |     5 ||     5
       Lamp of fire      |       |       |       |     1 ||     1
  Use: Scroll            |     7 |     6 |     4 |     9 ||    26
       Potion            |     1 |       |    13 |     7 ||    21
  Eat: Ration            |       |     2 |       |       ||     2
       Chunk             |       |     1 |    21 |    14 ||    36
Armor: Leather armour    |     3 |       |   101 |    64 ||   168
       Ring mail         |    22 |    73 |       |       ||    95
       Scale mail        |       |    23 |    21 |       ||    44
Dodge: Dodged            |    28 |   102 |   126 |   161 ||   417
Block: Shield            |    21 |    89 |       |       ||   110
       Large shield      |       |    61 |   281 |   374 ||   716
